 Dungeon Crawl Stone Soup version 0.30-a0-778-g2ef04afb54 (webtiles) character file.

Game seed: 2217232595401676722

2564 vexzain the Martial Artist (level 9, -2/46 (55) HPs)
             Began as an Octopode Transmuter on Feb 15, 2023.
             Was a Believer of Nemelex Xobeh.
             Succumbed to a wight's poison
             ... on level 8 of the Dungeon.
             The game lasted 00:31:35 (7380 turns).

vexzain the Martial Artist (Octopode Transmuter)    Turns: 7380, Time: 00:31:35

HP:   -2/46 (55)    AC:  7    Str:  9    XL:     9   Next: 57%
MP:   16/17         EV: 24    Int: 18    God:    Nemelex Xobeh [**....]
Gold: 340           SH:  0    Dex: 14    Spells: 16/19 levels left

rFire   + + +      SeeInvis +    A - +5 spear (venom)
rCold   + . .      Faith    .    (no shield)
rNeg    . . .      Spirit   .    (helmet restricted)
rPois   +          Reflect  .    (no amulet)
rElec   +          Harm     .    g - +5 ring of evasion
rCorr   +          Rampage  .    i - ring of protection from fire
Will    .....                    k - ring of fire
Stlth   ++++                     f - ring of protection from cold
HPRegen 0.27/turn                p - +5 ring of evasion
MPRegen 0.15/turn                y - +4 ring of protection
                                 t - ring of poison resistance
                                 (no ring)

@: lethally poisoned (-2 -> -17), resistant, heavily drained
A: almost no armour, amphibious, 8 rings, camouflage 1, gelatinous body 1,
(nimble swimmer 1), tentacles, iridescent scales 1, see invisible, sense
surroundings 1, electricity resistance
a: Renounce Religion, Draw Escape, Draw Destruction, Draw Summoning


You were on level 8 of the Dungeon.
You worshipped Nemelex Xobeh.
Nemelex Xobeh was pleased with you.
You visited 2 branches of the dungeon, and saw 9 of its levels.

You collected 340 gold pieces.

Inventory:

Hand Weapons
 e - a +0 dagger of speed
 n - a +1 hand axe of freezing
 A - a +5 spear of venom (weapon)
 B - a +2 vampiric whip
 D - a +1 scythe of distortion
Missiles
 l - 6 atropa-tipped darts
 v - 3 throwing nets
Jewellery
 f - a ring of protection from cold (on tentacle)
 g - a +5 ring of evasion (left tentacle)
 i - a ring of protection from fire (right tentacle)
 k - a ring of fire (on tentacle)
 p - a +5 ring of evasion (on tentacle)
 t - a ring of poison resistance (on tentacle)
 x - a ring of fire
 y - a +4 ring of protection (on tentacle)
Wands
 h - a wand of iceblast (2) (quivered)
 u - a wand of paralysis (8)
Scrolls
 a - a scroll of blinking
 b - a scroll of silence
 c - 3 scrolls of teleportation
 d - 3 scrolls of fog
 m - 2 scrolls of noise
 o - 3 scrolls of fear
 q - a scroll of poison
 z - a scroll of butterflies {unknown}
Potions
 j - 3 potions of brilliance
 s - 4 potions of flight


   Skills:
 + Level 2.7 Fighting
 + Level 1.4 Polearms
 + Level 4.2 Dodging
 + Level 5.7 Stealth
 + Level 8.0 Unarmed Combat
 + Level 5.6 Spellcasting
 + Level 5.5 Transmutations
 + Level 0.4 Evocations


You had 16 spell levels left.
You knew the following spells:

 Your Spells              Type           Power      Damage    Failure   Level
a - Beastly Appendage     Tmut           50%        N/A       1%          1
b - Wereblood             Tmut           25%        N/A       1%          2

Your spell library contained the following spells:

 Spells                   Type           Power      Damage    Failure   Level
 Apportation              Tloc           10%        N/A       12%         1
 Magic Dart               Conj           20%        1d4       12%         1
 Necrotise                Necr           20%        1d5       12%         1
 Spider Form              Tmut/Pois      15%        N/A       12%         3
 Call Imp                 Summ           5%         N/A       19%         2
 Mephitic Cloud           Conj/Pois/Air  5%         N/A       36%         3
 Stone Arrow              Conj/Erth      10%        3d7       36%         3
 Vampiric Draining        Necr           5%         2d6       36%         3
 Ice Form                 Ice/Tmut       15%        N/A       36%         4
 Alistair's Intoxication  Tmut/Pois      10%        N/A       73%         5
 Cause Fear               Hex            2%         N/A       77%         4
 Agony                    Necr           5%         N/A       98%         5
 Dragon Form              Tmut           12%        N/A       100%        7
 Lehudib's Crystal Spear  Conj/Erth      2%         10d2      100%        8
 Dragon's Call            Summ           2%         N/A       100%        9
 Animate Armour           Summ/Erth      Unusable   N/A       N/A         4

Dungeon Overview and Level Annotations

Branches:
Dungeon (8/15)             Temple (1/1) D:4
   Lair: D:8-11

Altars:
Ashenzari
Cheibriados
Dithmenos
Elyvilon
Gozag
Hepliaklqana
Kikubaaqudgha
Makhleb
Nemelex Xobeh
Okawaru
Ru
Sif Muna
Trog
Uskayaw
Vehumet
Wu Jian
Xom
Yredelemnul
Zin
The Shining One

Shops:
D:3 :   D:7 ?


Innate Abilities, Weirdness & Mutations

You cannot wear most types of armour.
You are amphibious.
You can wear up to eight rings at the same time.
Your skin changes colour to match your surroundings (Stealth+).
Your rubbery body absorbs attacks. (AC +1, EV +1)
((You are camouflaged when in or above water. (Stealth+)))
You have tentacles for arms and can constrict up to eight enemies at once.
You are partially covered in iridescent scales. (AC +2)
You have supernaturally acute eyesight. (SInv)
You passively map a small area around you.
You are resistant to electric shocks. (rElec)


Message History

You feel drained. The wight misses you.
You hit the wight. Your grab misses the wight. Your squeeze misses the wight.
The wight is lightly damaged.
The wight barely misses you.
You hit the wight but do no damage. You grab the wight.
The wight is lightly damaged.
You constrict the wight, but do no damage.
The wight completely misses you.
You hit the wight.
You squeeze the wight, but do no damage.
The wight is moderately damaged.
You constrict the wight, but do no damage.
The wight hits you with a +2 spear of venom.
You are poisoned.
You hit the wight. You squeeze the wight.
The wight is severely damaged.
You constrict the wight, but do no damage.
You feel very sick.
The wight hits you with a +2 spear of venom!
You are lethally poisoned!
You hit the wight but do no damage.
The wight is severely damaged.
You constrict the wight.
* * * LOW HITPOINT WARNING * * *
You feel extremely sick. The wight closely misses you.
You feel very mighty all of a sudden.
You constrict the wight.
You feel a bit better.
You destroy the wight!
* * * LOW HITPOINT WARNING * * *
You feel very sick.
Your magical effects are unravelling.
You feel magically purged.
You feel a little less mighty now.
Your primal bloodlust has ended.
* * * LOW HITPOINT WARNING * * *
You feel very sick.
You feel protected.
You die...
Your body disappears without a glow.

#....##...# #########..#.
#.....#..## #.......#..#.
#........# #.......#....
###.....## #.......#....
##.....## #............
##.(...#######.......#..##
#.........##.........#..#
##..#..).#.##.#..........#
#...##...#@#...##.####..##
##..####..#.)........##.##
#...# ##...#...##.#....(.
#..##*,
##..##...#.####.#.* #..#
##.####.#.# .#.# #.##
#.##,..... ,.#,# #<#
#..#.#...#* , ###
#.#####)#.....# *,
#.......(.....#*


There were no monsters in sight!

Vanquished Creatures
  Prince Ribbit (D:5)
  Sigmund (D:3)
  Eustachio (D:5)
  A steam dragon (D:8)
  An ice beast (D:5)
  A sky beast (D:7)
  A black bear (D:4)
  2 ogres
  A phantom (D:6)
  A bullfrog (D:7)
  4 necrophages
  3 scorpions
  A gnoll sergeant (D:7)
  4 wights (D:8)
  A jelly (D:4)
  3 hounds
  2 orc priests
  A gnoll bouda (D:5)
  2 iguanas
  4 orc wizards
  Natasha (thrice) (D:3)
  Terence (D:3)
  10 gnolls
  2 adders
  A shadow imp (D:7)
  A white imp (D:7)
  A worm (D:3)
  A dart slug (D:1)
  21 orcs
  3 ball pythons
  7 endoplasms
  10 giant cockroaches
  8 goblins
  4 hobgoblins
  15 jackals
  9 kobolds
  8 quokkas
  4 bats
  3 frilled lizards
  2 rats (D:1)
150 creatures vanquished.

Notes
Turn   | Place    | Note
-------+----------+-------------------------------------------
     0 | D:1      | vexzain the Octopode Transmuter began the quest for the
                  | Orb.
     0 | D:1      | Reached XP level 1. HP: 13/13 MP: 3/3
   114 | D:1      | Reached XP level 2. HP: 12/18 MP: 3/5
   326 | D:1      | Reached XP level 3. HP: 11/23 MP: 4/6
   757 | D:1      | Reached skill level 4 in Unarmed Combat
  1209 | D:2      | Found a faded altar of an unknown god.
  1267 | D:2      | Learned a level 2 spell: Wereblood
  1404 | D:2      | Reached XP level 4. HP: 28/28 MP: 5/7
  1704 | D:3      | Noticed Natasha
  1709 | D:3      | Killed Natasha
  1710 | D:3      | Reached skill level 1 in Stealth
  1766 | D:3      | Gained mutation: You have hidden genetic potential. [potion
                  | of mutation]
  1766 | D:3      | Gained mutation: You have supernaturally acute eyesight.
                  | (SInv) [potion of mutation]
  1766 | D:3      | Gained mutation: You are resistant to electric shocks.
                  | (rElec) [potion of mutation]
  1769 | D:3      | Reached XP level 5. HP: 12/33 MP: 8/8
  1963 | D:3      | Found Dotor's Book Shop.
  1999 | D:3      | Noticed Terence
  2013 | D:3      | Killed Terence
  2073 | D:3      | Noticed Natasha
  2089 | D:3      | Killed Natasha
  2090 | D:3      | Gained mutation: You are partially covered in iridescent
                  | scales. (AC +2) [hidden potential]
  2112 | D:3      | Noticed Sigmund
  2216 | D:3      | Reached XP level 6. HP: 9/38 MP: 10/10
  2500 | D:4      | Gained mutation: You passively map a small area around you.
                  | [hidden potential]
  2500 | D:4      | Lost mutation: You have hidden genetic potential. [hidden
                  | potential expressed]
  2529 | D:4      | Reached skill level 5 in Unarmed Combat
  2548 | D:4      | Found a staircase to the Ecumenical Temple.
  2562 | Temple   | Entered the Ecumenical Temple
  2653 | Temple   | Became a worshipper of Nemelex Xobeh the Trickster
  3023 | D:4      | Noticed a black bear
  3029 | D:4      | Killed a black bear
  3030 | D:4      | Reached XP level 7. HP: 44/44 MP: 11/11
  3312 | D:5      | Entered Level 5 of the Dungeon
  3401 | D:5      | Noticed Prince Ribbit
  3413 | D:5      | Killed Prince Ribbit
  3414 | D:5      | Reached skill level 6 in Unarmed Combat
  3414 | D:5      | Reached XP level 8. HP: 34/50 MP: 10/14
  3769 | D:5      | Found a hide-covered altar of Uskayaw.
  3912 | D:5      | Noticed Eustachio
  4160 | D:6      | Reached * piety under Nemelex Xobeh
  4932 | D:7      | Reached skill level 5 in Stealth
  4939 | D:7      | Received a gift from Nemelex Xobeh
  4991 | D:7      | Reached skill level 7 in Unarmed Combat
  5504 | D:7      | Found Kecoirom's Magic Scroll Shoppe.
  5756 | D:7      | Reached skill level 5 in Spellcasting
  5756 | D:7      | Reached XP level 9. HP: 55/55 MP: 13/16
  5774 | D:7      | Reached ** piety under Nemelex Xobeh
  5902 | D:7      | Reached skill level 5 in Transmutations
  6237 | D:5      | Killed Eustachio
  6344 | D:3      | Noticed Natasha
  6358 | D:3      | Killed Natasha
  6365 | D:3      | Killed Sigmund
  6702 | D:3      | Found a sacrificial altar of Ru.
  6702 | D:3      | Found a shadowy altar of Dithmenos.
  6714 | D:3      | Found a radiant altar of Vehumet.
  6717 | D:3      | Found a shimmering altar of Xom.
  6719 | D:3      | Found an opulent altar of Gozag.
  7172 | D:8      | Reached skill level 8 in Unarmed Combat
  7197 | D:8      | Reached skill level 1 in Polearms
  7379 | D:8      | HP: 1/46 [poisoned by a wight]
  7380 | D:8      | Succumbed to a wight's poison

Illustrated notes

Levels and vault maps discovered:
D:1:      dpeg_arrival_rooms_a, layout_loops_ring
D:2:      layout_basic, chequers_ecumenical_altar_simple_redux
D:3:      layout_loops_ring, chequers_temple_overflow_minitemple, serial_shops,
          shop, uniq_terence, uniq_natasha, uniq_sigmund
D:4:      layout_basic, minmay_temple_entry_glass, gup_sewer_entry_pipe,
          minmay_between
D:5:      layout_rooms, mainiacjoe_overflow_catwalk, nicolae_fountain_basement,
          uniq_prince_ribbit1, uniq_eustachio
D:6:      layout_rooms
D:7:      layout_basic, serial_co_window_serial, co_window_paths_a,
          co_window_of_opportunity_a, co_window_corner_a, co_window_corner_a,
          co_window_of_opportunity_a, co_window_paths_a, co_window_corner_a,
          co_window_2corner, co_window_broadway_a, co_window_corner_ca,
          co_window_broadway_a, co_window_cross_2, co_window_4corner_b,
          co_window_paths_d, serial_shops, nicolae_lakefront_shop
D:8:      kennysheep_windowed_halls, layout_loops_ring, minmay_crossroads
Temple:   nicolae_temple_ecumenical_triangle

Skill      XL: |  1  2  3  4  5  6  7  8  9 |
---------------+----------------------------+-----
Unarmed Combat | 4 5 6 7 8 |  8.0
Stealth        | 1 2 3 4 5 |  5.7
Transmutations | 3 4 5 |  5.5
Spellcasting   | 3 4 5 |  5.6
Dodging        | 3 4 |  4.2
Fighting       | 2 |  2.7
Polearms       | 1 |  1.4
Evocations     | |  0.4

Action                     |  1- 3 |  4- 6 |  7- 9 || total
---------------------------+-------+-------+-------++-------
  Melee: Unarmed           |    84 |   123 |   170 ||   377
         Constrict         |    26 |    28 |    49 ||   103
         Kick              |    23 |    28 |    45 ||    96
         Tentacles         |    17 |    38 |    57 ||   112
         Punch             |     3 |     4 |    20 ||    27
         Spear             |       |       |    65 ||    65
   Cast: Beastly Appendage |    27 |    14 |    21 ||    62
         Wereblood         |       |     6 |    17 ||    23
  Evoke: Wand              |       |       |     3 ||     3
    Use: Potion            |     1 |     5 |    12 ||    18
         Scroll            |       |     8 |     5 ||    13
   Stab: Sleeping          |     4 |     5 |     7 ||    16
 Armour: Skin              |    14 |     8 |    53 ||    75
  Dodge: Dodged            |    57 |    78 |   185 ||   320

Table legend: (Time is in decaauts)
 A = Elapsed time spent in this place.
 B = Non-inter-level travel time spent in this place.
 C = Inter-level travel time spent in this place.
 D = Time resting spent in this place.
 E = Time spent auto-exploring this place.
 F = Levels seen in this place.
 G = Mean time per level.
                   A        B        C        D        E       F      G
               +--------+--------+--------+--------+--------+-----+--------+
         Total |   7362 |   6712 |    650 |    764 |   3153 |   9 |  818.0 |
       Dungeon |   7258 |   6608 |    650 |    764 |   3153 |   8 |  907.2 |
        Temple |    104 |    104 |      0 |      0 |      0 |   1 |  104.0 |
               +--------+--------+--------+--------+--------+-----+--------+

Top non-repeatable levels by time:
     D:7: 1178 daAuts
     D:3: 1177 daAuts
     D:4: 1098 daAuts
     D:5: 1055 daAuts
     D:1: 879 daAuts
     D:6: 815 daAuts
     D:2: 785 daAuts
     D:8: 266 daAuts
  Temple: 104 daAuts
